cohdb
Replays
Latest Replays
All Replays
Popular Replays
Top Player Replays
Match Explorer
How It Works
Community
CoH3 Stats
Reddit
Sign in to upload your games and track your stats! →
Sign in with Steam
Match 39263163
Unlisted
Match 39263163
Overview
Messages
Build Orders
End
Panzergrenadier Squad
250 Light Carrier
Panzergrenadier Squad
Construct Light Support Kompanie
Selects Armored Support Battlegroup
MG34 Team
2.5-tonne Medical Truck
Fire Support Elements
Pak 38 Mechanized Group
Construct Mechanized Kompanie
Selects Salvage Kits
Selects Panzer Storm
StuG III D Assault Gun
Rapid Advance
Pak 38 Mechanized Group
Selects Veteran Gunners
Selects Stuka Dive Bomb
UH|dun! ツ
insane
iceman
Pixel
maxxximka0
yellow291244
0
0
Comments
sign in to comment!
No comments posted yet!